 Dungeon Crawl Stone Soup version 0.17-b1-25-g6d8775f (webtiles) character file.

93 4thArraOfDagon the Insei (level 4, 0/31 HPs)
             Began as a Halfling Monk on Nov 5, 2015.
             Slain by an iguana (8 damage)
             ... on level 5 of the Dungeon.
             The game lasted 00:06:19 (1343 turns).

4thArraOfDagon the Insei (Halfling Monk)            Turns: 1343, Time: 00:06:20

Health: 0/31       AC: 11    Str: 11    XL:     4   Next: 92%
Magic:  13/13      EV:  4    Int: 10    God:
Gold:   20         SH:  0    Dex: 16    Spells: 0 memorised, 3 levels left

rFire  . . .     SeeInvis .       - Unarmed
rCold  . . .     Clarity  .     d - +0 plate armour
rNeg   . . .     SustAt   .     (shield restricted)
rPois  .         Gourm    .     (no helmet)
rElec  .         Spirit   .     g - +0 cloak
rCorr  .         Warding  .     (no gloves)
rMut   .         Stasis   .     (no boots)
MR     .....                    (no amulet)
Stlth  ..........               (no ring)
                                h - ring of magical power

@: not resistant to hostile enchantments, extremely unstealthy
A: mutation resistance 1
a: no special abilities


You were on level 5 of the Dungeon.
You were not hungry.

You visited 1 branch of the dungeon, and saw 7 of its levels.
You also visited: Ossuary.

You collected 108 gold pieces.
You spent 88 gold pieces at shops.

Inventory:

Missiles
 f - 6 tomahawks (quivered)
Armour
 d - a +0 plate armour (worn)
 g - a +0 cloak (worn)
Jewellery
 h - a ring of magical power (left hand)
 o - a cursed amulet of inaccuracy {unknown}
Scrolls
 l - a scroll of fog {unknown}
 m - 2 scrolls of identify {unknown}
Potions
 a - a potion of brilliance {unknown}
 c - 2 potions of magic {unknown}
 e - 2 potions of agility {unknown}
 i - 3 potions of lignification {unknown}
 j - 2 potions of might
 k - a potion of resistance {unknown}
 n - a potion of cancellation {unknown}
Comestibles
 b - 2 bread rations


   Skills:
 - Level 3.0 Fighting
 - Level 3.4 Dodging
 - Level 2.1 Stealth
 * Level 4.6 Unarmed Combat


You had 3 spell levels left.
You didn't know any spells.

Dungeon Overview and Level Annotations

Branches:
Dungeon (7/15)
 Temple: D:4-7

Altars:
Qazlal

Shops:
D:7 !


Innate Abilities, Weirdness & Mutations

You are small and have problems with some larger weapons.
You are somewhat resistant to further mutation.


Message History

Unknown command.
o - a lumpy garnet amulet The quokka zombie bites you but does no damage.
The shadow imp hits you but does no damage.
Unknown command.
Unknown command.
Unknown command.
Unknown command.
Unknown command.
The quokka zombie bites you but does no damage.
Unknown command.
The quokka zombie bites you but does no damage.
Unknown command.
You open the door. The iguana bites you.
* * * LOW HITPOINT WARNING * * *
The shadow imp hits you but does no damage.
The quokka zombie bites you but does no damage.
Unknown command.
The iguana bites you!
You die...

#........#....
#........#####
########.............
#....................
#....................
#....o..########.....
#...5Z..# '.....
#....l..# #.....
####@#### ######
#......# # #......# #
#......# # ########


You could see an iguana, a shadow imp, an orc and a quokka zombie.

Vanquished Creatures
  A worker ant (D:7)
  2 adders (D:6)
  An ooze (D:3)
  An adder zombie (D:7)
  2 adder skeletons
  4 giant geckos
  3 orcs
  4 bats
  A giant cockroach (D:3)
  2 hobgoblins
  6 jackals
  4 kobolds
  2 quokkas (D:7)
  A giant cockroach zombie (D:5)
  2 quokka zombies (D:5)
  A rat (D:1)
37 creatures vanquished.

Notes
Turn   | Place    | Note
--------------------------------------------------------------
     0 | D:1      | 4thArraOfDagon the Halfling Monk began the quest for the Orb.
     0 | D:1      | Reached XP level 1. HP: 15/15 MP: 1/1
    74 | D:1      | Reached XP level 2. HP: 6/20 MP: 2/2
   288 | D:2      | You fall through a shaft!
   350 | D:3      | Reached XP level 3. HP: 8/26 MP: 3/3
   360 | D:3      | HP: 1/26 [hobgoblin/club (2)]
   564 | D:5      | Entered Level 5 of the Dungeon
   566 | D:5      | Found a stormy altar of Qazlal.
   711 | D:5      | Found a sand-covered staircase.
   718 | Ossuary  | Entered an ossuary
   764 | D:5      | Noticed an ice beast
   815 | D:6      | Reached skill level 4 in Unarmed Combat
   865 | D:6      | Reached XP level 4. HP: 26/31 MP: 4/4
   991 | D:7      | Noticed a big kobold
  1159 | D:7      | Found Efapp's Distillery.
  1167 | D:7      | Bought a potion of might for 44 gold pieces
  1167 | D:7      | Bought a potion of might for 44 gold pieces
  1241 | D:7      | Noticed a sky beast
  1343 | D:5      | Slain by an iguana

Action                   |  1- 3 |  4- 6 || total
-------------------------+-------+-------++-------
Melee: Unarmed           |   150 |    59 ||   209
  Use: Potion            |     1 |       ||     1
       Scroll            |     1 |       ||     1
  Eat: Chunk             |     1 |     1 ||     2
